 Dungeon Crawl Stone Soup version 0.29.1-12-g30fa7ad0bf (webtiles) character file.

Game seed: 11863088849639021266

993 AarnesTheHuman the Chiller (level 8, 0/93 HPs)
             Began as a Barachi Ice Elementalist on Dec 15, 2022.
             Slain by a phantom (5 damage)
             ... on level 5 of the Dungeon.
             The game lasted 00:13:25 (6202 turns).

AarnesTheHuman the Chiller (BaIE)                   Turns: 6202, Time: 00:13:26

Health: 0/93       AC:  9    Str:  8 (10) XL:     8   Next: 19%
Magic:  16/16      EV: 11    Int: 14 (17) God:
Gold:   194        SH:  0    Dex: 11 (13) Spells: 6/18 levels left

rFire   . . .      SeeInvis .   a - +1 spear (venom)
rCold   . . .      Faith    .   (no shield)
rNeg    . . .      Spirit   .   j - +1 leather armour {Will+}
rPois   .          Reflect  .   p - +2 helmet
rElec   .          Harm     .   (no cloak)
rCorr   .          Rampage  .   (no gloves)
Will    +....                   (no boots)
Stlth   ..........              (no amulet)
HPRegen 0.25/turn               (no ring)
MPRegen 0.15/turn               (no ring)

@: berserking, lethally poisoned (0 -> -2), quick
A: amphibious, slowness 1, strong legs 1, +LOS, iridescent scales 1,
deterioration 1
a: Hop


You were on level 5 of the Dungeon.
You visited 1 branch of the dungeon, and saw 5 of its levels.
You also visited: Sewer.

You collected 194 gold pieces.

Inventory:

Hand Weapons
 a - a +1 spear of venom (weapon)
 b - a +0 halberd of flaming
 c - a +0 dagger
 s - a +3 whip of electrocution
Missiles
 g - 68 stones (quivered)
 k - a throwing net
 r - 7 poisoned darts
Armour
 f - a +0 robe
 j - a +1 leather armour of willpower (worn)
 p - a +2 helmet (worn)
Scrolls
 n - 3 scrolls of fog
Potions
 h - a potion of might
 i - 4 potions of magic
 m - 4 potions of haste
 t - a potion of mutation


   Skills:
 - Level 5.0 Fighting
 - Level 3.0 Polearms
 - Level 2.4 Dodging
 - Level 2.0 Stealth
 + Level 5.9 Spellcasting
 + Level 1.2 Conjurations
 + Level 1.1 Transmutations
 - Level 7.0 Ice Magic


You had 6 spell levels left.
You knew the following spells:

 Your Spells              Type           Power      Damage    Failure   Level
a - Freeze                Ice            92%        1d10      1%          1
b - Frozen Ramparts       Ice            46%        1d7       4%          3
c - Ozocubu's Armour      Ice            23%        N/A       4%          3
d - Irradiate             Conj/Tmut      3%         3d12      99%         5

Your spell library contained the following spells:

 Spells                   Type           Power      Damage    Failure   Level
 Apportation              Tloc           8%         N/A       24%         1
 Hailstorm                Conj/Ice       15%        3d5       38%         4
 Alistair's Intoxication  Tmut/Pois      3%         N/A       99%         5
 Blade Hands              Tmut           3%         N/A       99%         5
 Dragon Form              Tmut           3%         N/A       100%        7


Dungeon Overview and Level Annotations

Branches:
Dungeon (5/15)              Sewer (visited)
 Temple: D:4-7

Altars:
Dithmenos
Fedhas
Okawaru
Qazlal

Shops:
D:2 ?

Portals:
Abyss: D:3

Annotations:
D:3 2 transporters, DildoBatman's ghost, amateur FoCj


Innate Abilities, Weirdness & Mutations

You are amphibious.
You cover ground slowly.
You can hop short distances.
You have an extended range of vision and can be seen from far away.
You are partially covered in iridescent scales. (AC +2)
Your body sometimes deteriorates upon taking damage.


Message History

The water moccasin bites you but does no damage.
It was a potion of degeneration.
There was something very wrong with that liquid.
You feel weakened.
You feel dopey.
You feel clumsy.
* * * LOW HITPOINT WARNING * * *
You feel very sick. The phantom hits you.
* * * LOW HITPOINT WARNING * * *
The water moccasin bites you but does no damage.
It was a potion of cancellation.
Your magical effects are unravelling.
You feel magically purged.
You feel less invigorated.
You feel less confused.
You feel sick. The water moccasin closely misses you.
The phantom hits you but does no damage.
The water moccasin barely misses you.
As you read the scroll of fear, it crumbles to dust.
You assume a fearsome visage.
The phantom is unaffected.
The water moccasin looks frightened!
You feel sick.
The phantom hits you but does no damage.
You feel sick. The phantom hits you.
* * * LOW HITPOINT WARNING * * *
The phantom blinks!
You blink.
You stop ascending the stairs.
Found a stone staircase leading down.
Casting: Ozocubu's Armour (dangerous; 4% risk of failure)
Confirm with . or Enter, or press ? or * to list all spells.
Casting: Frozen Ramparts (dangerous; 4% risk of failure)
Press: ? - help, Dir - look around, f - activate
Okay, then.
A red film seems to cover your vision as you go berserk!
You feel yourself moving faster!
You feel mighty!
You feel sick.
The phantom hits you but does no damage.
You hit the phantom.
The phantom is heavily damaged.
You feel sick.
The phantom hits you but does no damage.
You barely miss the phantom.
The phantom is heavily damaged.
You feel sick. The phantom hits you.
You die...

,,,*##*#.#........>....,,,,,*,,,,
,*,,..,...............,,,,*,,****
,,,*#.##.#...........,,,,**,,,,,*
**,*#.,..##.##.#....#*,,,,,,,,,,*
*#)##.##.##.##.#....#******,,,,,*
#.....<.#.....>..$.# *,,,,,*
*####.....S.##......# *,,,,,*
......####.#........# ***,,,,
######* ##.#.#..@...# *,,,,,, *
#......W##### *,*,,,, **
#ยง......#**** *,*,,*, ,*
#...........*******,*,,,, **
*#............,,,,,,,*,,,, *
#........###.#*****,,,,,,,
##.........*,# *,***,,,
**#.......#.#,* *,******
*,............* *,,,*


You could see a water moccasin (fleeing) and a phantom.

Vanquished Creatures
  Sigmund (D:4)
  Menkaure (D:4)
  Pargi (Sewer)
  An ice beast (D:4)
  3 jellies (D:4)
  An orc priest (D:3)
  Robin (D:4)
  9 gnolls
  6 adders
  A river rat (D:3)
  4 worms
  A dart slug (D:4)
  4 orcs (D:3)
  5 bats
  9 endoplasms
  4 giant cockroaches
  19 goblins
  5 hobgoblins
  6 jackals
  5 quokkas
  17 ball pythons
  9 frilled lizards
  6 kobolds
  8 rats
127 creatures vanquished.

Vanquished Creatures (collateral kills)
  A necrophage (D:4)
1 creature vanquished.

Grand Total: 128 creatures vanquished

Notes
Turn   | Place    | Note
-------+----------+-------------------------------------------
     0 | D:1      | AarnesTheHuman the Barachi Ice Elementalist began the quest
                  | for the Orb.
     0 | D:1      | Reached XP level 1. HP: 13/13 MP: 3/3
   284 | D:1      | Reached XP level 2. HP: 19/19 MP: 1/5
   369 | D:1      | Reached skill level 5 in Ice Magic
   833 | D:1      | Found a faded altar of an unknown god.
   840 | D:1      | Reached XP level 3. HP: 24/24 MP: 7/7
  1514 | D:2      | Learned a level 3 spell: Frozen Ramparts
  1518 | D:2      | Learned a level 3 spell: Ozocubu's Armour
  1712 | D:2      | Reached XP level 4. HP: 30/30 MP: 5/8
  1882 | D:2      | Found Gaiteed's Magic Scroll Shoppe.
  2584 | D:3      | Found a blossoming altar of Fedhas.
  2659 | D:3      | Found a transporter.
  2677 | D:3      | Noticed DildoBatman's ghost (amateur FoCj)
  2679 | D:3      | Reached skill level 1 in Polearms
  2694 | D:3      | Reached XP level 5. HP: 33/35 MP: 10/10
  2706 | D:3      | Reached skill level 6 in Ice Magic
  2723 | D:3      | Found an iron altar of Okawaru.
  2831 | D:3      | Found a glowing drain.
  2841 | Sewer    | Entered a sewer
  3133 | Sewer    | Noticed Pargi
  3148 | Sewer    | Killed Pargi
  3149 | Sewer    | Reached XP level 6. HP: 32/41 MP: 0/12
  4116 | D:3      | Found a transporter.
  4130 | D:3      | Found a one-way gate to the infinite horrors of the Abyss.
  4615 | D:4      | Noticed Robin
  4621 | D:4      | Killed Robin
  4833 | D:4      | Reached skill level 7 in Ice Magic
  4833 | D:4      | Reached XP level 7. HP: 35/46 MP: 7/14
  4969 | D:4      | Reached skill level 5 in Spellcasting
  4969 | D:4      | Reached skill level 1 in Fighting
  5079 | D:4      | Found a stormy altar of Qazlal.
  5081 | D:4      | Noticed Menkaure
  5100 | D:4      | Killed Menkaure
  5398 | D:4      | Noticed Sigmund
  5410 | D:4      | Killed Sigmund
  5411 | D:4      | Reached skill level 5 in Fighting
  5411 | D:4      | Reached XP level 8. HP: 56/62 MP: 9/16
  5417 | D:4      | Learned a level 5 spell: Irradiate
  5534 | D:4      | Reached skill level 1 in Conjurations
  5534 | D:4      | Reached skill level 1 in Transmutations
  5682 | D:4      | Found a shadowy altar of Dithmenos.
  6169 | D:5      | Entered Level 5 of the Dungeon
  6193 | D:5      | Gained mutation: You are partially covered in iridescent
                  | scales. (AC +2) [potion of mutation]
  6193 | D:5      | Gained mutation: Your body sometimes deteriorates upon
                  | taking damage. [potion of mutation]
  6202 | D:5      | Slain by a phantom

Illustrated notes

Levels and vault maps discovered:
D:1:      kennysheep_arrival_seaside, layout_loops_ring,
          nicolae_ecumenical_snake_handling
D:2:      layout_basic, serial_shops, nicolae_shop_waterfront,
          minmay_door_square, reono_crystal_passage, minmay_tiny_reverse_x
D:3:      layout_basic, okawaru_trees_1, mainiacjoe_overflow_six_doors_small,
          gup_sewer_entry_bubbles, gammafunk_ghost_abyssal_escape
D:4:      layout_loops_ring, grunt_dithmenos_smoke,
          mainiacjoe_overflow_24_doors, chequers_garden, uniq_menkaure,
          uniq_robin, uniq_sigmund
D:5:      layout_loops_cross, chequers_serial_rivers_marsh

Skill      XL: |  1  2  3  4  5  6  7  8 |
---------------+-------------------------+-----
Stealth        | 2 |  2.0
Ice Magic      | 5 6 7 |  7.0
Spellcasting   | 3 4 5 |  5.9
Polearms       | 1 2 3 |  3.0
Fighting       | 5 |  5.0
Conjurations   | 1 |  1.2
Transmutations | 1 |  1.1
Dodging        | |  2.4

Action                   |  1- 3 |  4- 6 |  7- 9 || total
-------------------------+-------+-------+-------++-------
Melee: Unarmed           |     2 |       |       ||     2
       Spear             |    46 |   150 |    47 ||   243
       Halberd           |       |       |    10 ||    10
Throw: Dart              |       |     8 |       ||     8
       Stone             |       |     5 |     1 ||     6
       Throwing net      |       |     2 |       ||     2
 Cast: Freeze            |    23 |    37 |     3 ||    63
       Frozen Ramparts   |       |     9 |     5 ||    14
       Ozocubu's Armour  |       |     4 |     6 ||    10
 Abil: Hop               |       |     2 |       ||     2
  Use: Scroll            |       |     8 |     6 ||    14
       Potion            |       |       |     8 ||     8
 Stab: Sleeping          |     8 |     5 |       ||    13
Armor: Robe              |     4 |       |       ||     4
       Leather armour    |     8 |    30 |    28 ||    66
Dodge: Dodged            |    21 |    89 |    34 ||   144
